Map: Site Delta LE

Players

Moja - Winner!

  • Race: Terran Terran
  • League: Grandmaster
  • Spawn Location: 11:00

sebesdes

  • Race: Protoss Protoss
  • League: Grandmaster
  • Spawn Location: 5:00

Event: HomeStory Cup XXV

VOD

Have the link to the VOD?

Description

Time

  • Played on: June 21, 2024, 4:44 p.m.
  • Length: 11:02

All games in this series

Show
View Real Time Build Order
Export as new Build Order

Moja Terran - Winner!

Build Orders: Reaper Expand 

Get SALT Encoding   

  12  0:00  SCV  
  13  0:12  SCV  
  14  0:17  Supply Depot  
  14  0:24  SCV  
  15  0:39  SCV  
  15  0:40  Barracks  
  16  0:44  Refinery  
  16  0:51  SCV  
  17  0:59  Engineering Bay  
  17  1:03  SCV  
  18  1:15  SCV  
  19  1:28  Orbital Command, Reaper  
  20  1:46  Command Center  
  20  1:54  SCV  
  21  1:56  Supply Depot  
  21  2:00  Barracks Reactor  
  21  2:06  SCV  
  22  2:11  Barracks  
  22  2:18  SCV  
  23  2:30  SCV  
  24  2:38  Command Center  
  24  2:39  Marine  
  24  2:42  Marine  
  24  2:43  SCV  
  27  2:55  SCV  
  28  3:01  Orbital Command  
  28  3:02  Marine  
  28  3:03  Marine  
  28  3:04  Barracks Tech Lab  
  29  3:07  SCV  
  30  3:17  Orbital Command  
  31  3:20  SCV, Marine x2  
  31  3:22  Stimpack  
  31  3:23  Marine  
  34  3:32  SCV  
  35  3:40  Marine x2  
  36  3:44  SCV  
  36  3:45  Marine  
  36  3:46  SCV  
  39  3:51  Orbital Command  
  39  3:55  Factory  
  39  3:56  SCV  
  39  3:58  SCV, Marine x2, Refinery  
  43  4:04  Marine  
  43  4:08  SCV  
  45  4:10  SCV  
  45  4:11  Barracks  
  46  4:18  Marine x2  
  46  4:19  SCV  
  46  4:20  SCV  
  46  4:22  SCV, Marine  
  52  4:25  Supply Depot  
  52  4:29  Engineering Bay  
  52  4:31  SCV  
  52  4:32  SCV  
  52  4:34  SCV  
  52  4:36  Marine x2  
  57  4:40  Starport  
  57  4:41  Factory Reactor  
  57  4:43  SCV  
  58  4:45  SCV  
  58  4:46  Marine  
  58  4:48  SCV  
  58  4:50  Refinery  
  58  4:52  Refinery  
  61  4:57  Terran Infantry Weapons Level 1, Marine  
  61  4:58  Marine  
  61  4:59  SCV x2  
  65  5:00  SCV  
  65  5:03  Supply Depot  
  65  5:04  Barracks Tech Lab  
  65  5:06  Marauder  
  68  5:11  SCV  
  68  5:13  Supply Depot  
  69  5:18  Combat Shield  
  69  5:24  Supply Depot x2, SCV x2, Marine x3  
  69  5:26  SCV  
  75  5:29  Medivac  
  75  5:35  Marine  
  78  5:36  Medivac  
  78  5:38  SCV  
  78  5:39  SCV  
  78  5:42  Supply Depot, Marine x3  
  85  5:47  Orbital Command, Supply Depot  
  86  5:51  SCV x2  
  86  5:55  Barracks  
  87  5:58  Concussive Shells  
  87  5:59  Barracks, Medivac  
  87  6:00  Marine, Marauder  
  87  6:02  Marine x2  
  94  6:06  SCV, Medivac  
  94  6:07  SCV  
  98  6:15  SCV  
  101  6:18  Marauder  
  101  6:19  Supply Depot, Marine  
  101  6:22  Marauder  
  101  6:24  SCV  
  105  6:32  Marine  
  103  6:34  SCV, Medivac  
  103  6:36  Medivac  
  103  6:37  Marine  
  111  6:40  Marauder  
  111  6:43  SCV x2  
  111  6:44  Marauder  
  111  6:46  Barracks x3  
  115  6:48  SCV  
  115  6:50  Marine  
  115  6:51  Barracks Tech Lab, Terran Infantry Armor Level 1, Barracks Reactor  
  117  6:56  Supply Depot  
  117  6:57  Supply Depot  
  117  6:58  Marine  
  117  7:01  Marauder  
  120  7:05  Marauder  
  120  7:08  Marine  
  123  7:09  Supply Depot, Medivac  
  123  7:10  Supply Depot  
  123  7:11  Refinery  
  123  7:12  Refinery  
  125  7:18  Medivac  
  125  7:19  Armory  
  125  7:20  SCV x2, Engineering Bay  
  125  7:21  SCV  
  130  7:28  Supply Depot  
  130  7:30  Supply Depot  
  130  7:32  Marine x2, Marauder x2  
  136  7:38  Barracks Tech Lab x3  
  136  7:39  SCV x2  
  136  7:42  Supply Depot  
  138  7:46  Marine  
  138  7:47  Marauder  
  138  7:50  Medivac x2  
  145  8:00  Marine  
  145  8:01  Marine, Marauder x5  
  145  8:04  Marine  
  158  8:08  Marauder, Terran Infantry Weapons Level 2  
  160  8:16  Marine  
  161  8:20  Medivac x2  
  161  8:22  Supply Depot, Marauder  
  161  8:26  Marine, Marauder  
  161  8:27  Marine, Marauder  
  170  8:30  Supply Depot  
  170  8:31  Terran Ship Weapons Level 1  
  173  8:41  Marine  
  173  8:42  Marauder  
  176  8:49  Marine, Marauder  
  176  8:54  Marine, Marauder x2  
  184  8:56  Marine, Marauder  
  187  9:09  Marine  
  178  9:10  Marauder x2  
  178  9:11  Marine, Marauder  
  178  9:12  Marine  
  178  9:13  Marine  
  178  9:14  Medivac x2  
  178  9:16  Marauder x2  
  187  9:18  Marauder  
  187  9:27  Marine  
  187  9:28  Marine  
  187  9:29  Marine  
  168  9:31  Marine, Marauder x2  
  168  9:32  Marauder  
  168  9:37  Marine, Marauder  
  159  9:39  Marauder  
  159  9:44  Medivac x2  
  159  9:45  Marine  
  158  9:46  Marine  
  158  9:47  Marine  
  158  9:49  Marine  
  165  9:52  Marauder  
  165  9:53  Marauder  
  165  9:54  Marine, Marauder  
  165  9:58  Marine  
  169  10:00  Marauder  
  169  10:03  Marine  
  169  10:04  Marine  
  169  10:05  Marine  
  169  10:07  Marine  
  169  10:13  Marauder  
  166  10:14  Marauder x2  
  166  10:15  Marauder  
  166  10:16  Marauder  
  166  10:21  Marine  
  161  10:22  Marine, Marauder  
  161  10:23  Marine  
  161  10:25  Marine  
  156  10:34  Marauder  
  150  10:35  Marauder x2  
  150  10:36  Marine  
  150  10:38  Marine, Marauder  
  150  10:40  Marine  
Show
View Real Time Build Order
Export as new Build Order

sebesdes Protoss 

Build Orders: 1 Gate Expand, Blink Stalkers 

Get SALT Encoding   

  12  0:00  Probe  
  13  0:12  Probe  
  14  0:17  Pylon  
  14  0:24  Probe (Chrono Boost)  
  16  0:36  Gateway, Probe (Chrono Boost)  
  16  0:43  Probe (Chrono Boost)  
  16  0:46  Assimilator  
  17  0:50  Probe  
  17  0:53  Assimilator  
  18  1:03  Probe  
  19  1:15  Probe  
  20  1:24  Cybernetics Core  
  22  1:29  Probe  
  23  1:38  Nexus  
  21  1:46  Pylon  
  21  1:47  Probe  
  22  1:56  Assimilator  
  22  2:00  Probe  
  23  2:01  Adept (Chrono Boost)  
  23  2:05  Warp Gate  
  25  2:12  Probe  
  26  2:22  Adept (Chrono Boost)  
  26  2:24  Probe  
  29  2:35  Twilight Council  
  29  2:36  Probe  
  30  2:51  Probe (Chrono Boost)  
  32  2:53  Probe (Chrono Boost)  
  32  3:00  Probe (Chrono Boost)  
  32  3:02  Probe (Chrono Boost)  
  32  3:05  Probe (Chrono Boost)  
  34  3:08  Blink (Chrono Boost)  
  34  3:12  Probe  
  36  3:15  Gateway  
  36  3:17  Probe  
  37  3:24  Probe  
  38  3:28  Gateway  
  38  3:29  Probe  
  39  3:36  Probe  
  40  3:41  Probe  
  41  3:49  Probe  
  41  3:50  Pylon  
  41  3:53  Stalker  
  41  3:54  Probe  
  45  4:00  Pylon  
  45  4:01  Probe  
  46  4:04  Nexus  
  46  4:10  Probe  
  46  4:11  Sentry  
  49  4:17  Stalker  
  49  4:21  Shield Battery  
  49  4:24  Assimilator, Probe x2  
  52  4:25  Stalker  
  52  4:27  Pylon  
  55  4:31  Shield Battery  
  55  4:33  Stalker  
  55  4:47  Stalker  
  55  4:49  Probe  
  55  4:52  Assimilator, Stalker  
  58  4:57  Charge (Chrono Boost), Robotics Facility  
  61  5:00  Probe  
  61  5:03  Stalker  
  61  5:05  Probe  
  64  5:11  Zealot  
  64  5:12  Probe  
  67  5:15  Forge  
  67  5:17  Probe  
  68  5:24  Zealot  
  68  5:27  Probe (Chrono Boost)  
  72  5:30  Probe (Chrono Boost)  
  72  5:32  Zealot x2  
  77  5:35  Probe (Chrono Boost)  
  77  5:38  Probe (Chrono Boost)  
  77  5:39  Pylon  
  77  5:41  Probe (Chrono Boost)  
  80  5:43  Probe (Chrono Boost)  
  80  5:44  Probe (Chrono Boost)  
  80  5:45  Protoss Ground Weapons Level 1 (Chrono Boost)  
  80  5:47  Robotics Bay  
  81  5:51  Probe (Chrono Boost)  
  81  5:54  Probe (Chrono Boost)  
  84  6:00  Probe (Chrono Boost)  
  84  6:01  Probe (Chrono Boost)  
  84  6:03  Zealot x3, Probe (Chrono Boost)  
  91  6:06  Pylon  
  91  6:09  Probe  
  93  6:13  Pylon  
  93  6:24  Observer (Chrono Boost), Probe  
  95  6:32  Probe  
  96  6:35  Probe  
  96  6:37  Zealot x3  
  96  6:38  Colossus (Chrono Boost)  
  109  6:41  Gateway  
  109  6:42  Gateway  
  109  6:43  Extended Thermal Lance  
  109  6:46  Gateway  
  109  6:48  Pylon  
  109  6:54  Robotics Facility  
  109  6:56  Pylon  
  109  6:59  Pylon  
  109  7:02  Nexus  
  109  7:06  Probe, Pylon  
  110  7:09  Shield Battery  
  110  7:11  Sentry  
  110  7:16  Probe  
  110  7:18  Colossus (Chrono Boost)  
  110  7:19  Zealot x2  
  121  7:26  Probe  
  121  7:27  Probe  
  123  7:36  Zealot x2  
  125  7:38  Disruptor (Chrono Boost)  
  125  7:39  Pylon  
  125  7:40  Probe  
  130  7:45  Zealot x2  
  130  7:50  Probe x2  
  136  7:54  Probe  
  136  7:58  Templar Archives  
  137  7:59  Assimilator  
  137  8:00  Zealot x2  
  141  8:08  Pylon  
  141  8:13  Colossus  
  141  8:14  Disruptor, Probe  
  141  8:15  Probe x2  
  141  8:16  Probe  
  155  8:20  Forge  
  155  8:26  Probe  
  156  8:28  Pylon  
  156  8:29  Pylon  
  156  8:33  Stalker x4  
  160  8:38  Probe x3  
  160  8:40  Photon Cannon  
  163  8:46  Pylon  
  163  8:48  Pylon  
  163  8:50  Disruptor  
  163  8:52  Zealot x2, Protoss Ground Armor Level 1 (Chrono Boost)  
  167  8:57  Stalker x4  
  169  9:07  Disruptor  
  141  9:18  Stalker  
  141  9:20  Probe x2  
  143  9:30  Disruptor (Chrono Boost), Probe  
  130  9:31  Zealot  
  130  9:35  Zealot x4  
  129  9:41  Disruptor (Chrono Boost)  
  129  9:44  Zealot  
  123  9:51  Nexus  
  123  9:53  Pylon  
  123  9:54  Zealot  
  123  9:55  Pylon  
  123  9:57  Zealot x3  
  131  10:07  Probe  
  132  10:12  Zealot x2  
  117  10:22  Zealot x4  
  117  10:23  Immortal (Chrono Boost)  
  109  10:35  Probe  
  104  10:36  Stalker x2  
  94  10:44  Zealot x3  
  94  10:48  Zealot  
Tags
 
Add a new tag
Caveats
  • Supply blocks, unpowered buildings, or Contaminate may cause inaccurate times.
  • Supply counts are checked every 10 seconds.